 Dungeon Crawl Stone Soup version 0.31-a0-1074-g0b22e4e0f1 (webtiles) character file.

Game seed: 17310403481679631953

336 IdlyInterested the Changeling (level 6, -1/43 HPs)
             Began as a Demonspawn Shapeshifter on Dec 1, 2023.
             Succumbed to a killer bee's poison
             ... on level 4 of the Dungeon.
             The game lasted 00:09:03 (2951 turns).

IdlyInterested the Changeling (DsSh)                Turns: 2951, Time: 00:09:04

Health: -1/43      AC:  7    Str: 15    XL:     6   Next: 28%
Magic:  6/6        EV:  9    Int: 11    God:
Gold:   176        SH:  0    Dex: 14    Spells: 5/5 levels left

rFire   . .          .
                       - Unarmed
rCold   . . .        (no shield)
rNeg    + . .        C - +1 scale mail {rPois}
rPois   +            t - melded +0 helmet
rElec   .            (cloak currently unavailable)
rCorr   .            (gloves currently unavailable)
SInv    .            (boots currently unavailable)
Will    .....        (no amulet) Stlth
                     i - ring of positive energy
HPRegen 0.27/turn    (no ring)
MPRegen 0.10/turn

%: no passive effects
@: lethally poisoned (-1 -> -13), beast-form, attractive
A: beast (slay +3), antennae 1, claws 2, powered by pain 1
a: Begin Untransformation


You were on level 4 of the Dungeon.
You were a hulking beast.
You visited 1 branch of the dungeon, and saw 4 of its levels.

You collected 176 gold pieces.

Inventory:

Hand Weapons
 j - a +0 long sword
 l - a +0 mace
 y - a +0 dagger of pain
Missiles
 h - 3 boomerangs (quivered)
 o - 10 poisoned darts
 s - a throwing net
 u - 27 stones
Armour
 f - a +1 leather armour of willpower
 n - a +0 chain mail
 q - a +0 scale mail
 t - a +0 helmet (melded)
 C - a +1 scale mail of poison resistance (worn)
Magical Staves
 m - a staff of death
Jewellery
 i - a ring of positive energy (left claw)
Talismans
 c - a beast talisman (active)
 d - a flux talisman
Scrolls
 a - a scroll of immolation
 e - 2 scrolls of fear
 g - 2 scrolls of teleportation
 k - a scroll of silence {unknown}
 r - a scroll of identify
 v - a scroll of revelation
 w - a scroll of enchant armour {unknown}
Potions
 b - 2 potions of lignification
 x - a potion of might
 z - a potion of degeneration {unknown}
 A - a potion of ambrosia {unknown}
 B - a potion of brilliance {unknown}


   Skills:
 - Level 1.0 Fighting
 - Level 1.0 Throwing
 + Level 1.6 Armour
 - Level 1.7 Dodging
 - Level 1.0 Stealth
 - Level 2.6 Unarmed Combat
 - Level 1.0 Evocations
 * Level 5.4 Shapeshifting


You had 5 spell levels left.
You didn't know any spells.
Your spell library contained the following spells:

 Spells                   Type           Power      Damage    Failure   Level
 Shock                    Conj/Air       0%         1d3       80%         1
 Swiftness                Air            0%         N/A       99%         3
 Airstrike                Air            0%         2d(0-16)  100%        4


Dungeon Overview and Level Annotations

Branches:
Dungeon (4/15)
 Temple: D:4-7

Altars:
Ashenzari
Trog

Shops:
D:1 (


Innate Abilities, Weirdness & Mutations

You are a hulking beast.
Your limbs bulge with bestial killing power. (Slay +3)
You have a pair of small antennae on your head.
You have very sharp fingernails.
You sometimes gain a little power by taking damage.


Message History

You feel sick.
You hear an angry buzzing noise.
The killer bee stings you.
A killer bee comes into view.
The killer bee stings you but does no damage.
You scratch the killer bee.
The killer bee is severely wounded.
You feel sick. The killer bee stings you.
The killer bee stings you but does no damage.
You scratch the killer bee.
The killer bee is almost dead.
You feel sick. The killer bee barely misses you.
The killer bee closely misses you.
You claw the killer bee!
You kill the killer bee!
You feel sick. The killer bee barely misses you.
You scratch the killer bee.
The killer bee is moderately wounded.
You feel sick.
The killer bee stings you but does no damage.
The killer bee stings you.
You are more poisoned.
The killer bee poisons you!
You closely miss the killer bee.
The killer bee is moderately wounded.
You feel sick. The killer bee stings you.
* * * LOW HITPOINT WARNING * * *
The killer bee stings you.
* * * LOW HITPOINT WARNING * * *
Unknown command.
You barely miss the killer bee.
The killer bee is moderately wounded.
You feel sick. The killer bee stings you.
* * * LOW HITPOINT WARNING * * *
You are more poisoned.
The killer bee poisons you!
Unknown command.
It was a potion of attraction.
You feel attractive to monsters.
You die...

##########
...yyyyh.#
########.#
#.....#.#
+##.....#'##
...........#
...#.......# .
#.......#
######'##
#.###############


You could see 4 killer bees.

Vanquished Creatures
  A water moccasin (D:3)
  2 killer bees (D:4)
  An orc priest (D:4)
  An iguana (D:4)
  3 adders
  2 dart slugs
  6 orcs
  6 ball pythons
  8 endoplasms
  2 giant cockroaches (D:3)
  5 goblins
  3 hobgoblins
  4 kobolds
  2 quokkas
  5 bats
  2 frilled lizards (D:3)
  7 rats
60 creatures vanquished.

Notes
Turn   | Place    | Note
-------+----------+-------------------------------------------
     0 | D:1      | IdlyInterested the Demonspawn Shapeshifter began the quest
                  | for the Orb.
     0 | D:1      | Reached XP level 1. HP: 15/15 MP: 1/1
   308 | D:1      | Reached skill level 3 in Shapeshifting
   310 | D:1      | Gained mutation: You sometimes gain a little power by
                  | taking damage. [demonic ancestry]
   310 | D:1      | Reached XP level 2. HP: 13/21 MP: 2/2
   379 | D:1      | Found a faded altar of an unknown god.
   384 | D:1      | Reached skill level 1 in Stealth
   705 | D:1      | Found Zommul's Weapon Shoppe.
   881 | D:2      | Discovered your monstrous ancestry.
   881 | D:2      | Gained mutation: You have sharp fingernails. [demonic
                  | ancestry]
   881 | D:2      | Reached XP level 3. HP: 11/26 MP: 3/3
  1564 | D:2      | Reached skill level 1 in Throwing
  1661 | D:3      | Noticed a water moccasin
  1681 | D:3      | Killed a water moccasin
  1682 | D:3      | Reached skill level 1 in Evocations
  1682 | D:3      | Reached skill level 4 in Shapeshifting
  1682 | D:3      | Reached XP level 4. HP: 9/32 MP: 4/4
  1682 | D:3      | Gained mutation: You have very sharp fingernails. [demonic
                  | ancestry]
  1682 | D:3      | Reached XP level 5. HP: 11/37 MP: 5/5
  2250 | D:4      | HP: 1/37 [iguana (12)]
  2401 | D:4      | Found a broken altar of Ashenzari.
  2456 | D:4      | Found a bloodstained altar of Trog.
  2610 | D:4      | Reached skill level 1 in Armour
  2610 | D:4      | Reached skill level 5 in Shapeshifting
  2944 | D:4      | Gained mutation: You have a pair of small antennae on your
                  | head. [demonic ancestry]
  2944 | D:4      | Reached XP level 6. HP: 25/43 MP: 6/6
  2950 | D:4      | HP: 2/43 [killer bee (5)]
  2951 | D:4      | Succumbed to a killer bee's poison

Illustrated notes

Levels and vault maps discovered:
D:1:      dpeg_arrival_fog, layout_basic, serial_shops,
          nicolae_shop_bloodbath_and_beyond, basic_ecumenical_altar,
          st_stairs_7, minmay_nonomino_d4
D:2:      layout_loops_cross
D:3:      layout_rooms, zin_scriptorium, grunt_decor_arrowhead,
          minmay_misc_feat_enclosed
D:4:      layout_basic, mainiacjoe_overflow_boulevard,
          nicolae_overflow_crystal_walls, minmay_temple_entry_fiery,
          hangedman_decor_points, minmay_increasing_density

Skill      XL: |  1  2  3  4  5 |
---------------+----------------+-----
Shapeshifting  | 3 4 5 |  5.4
Stealth        | 1 |  1.0
Throwing       | 1 |  1.0
Evocations     | 1 |  1.0
Armour         | 1 |  1.6
Fighting       | |  1.0
Dodging        | |  1.7
Unarmed Combat | |  2.6

Action                     |  1- 3 |  4- 6 || total
---------------------------+-------+-------++-------
  Melee: Unarmed           |   105 |    64 ||   169
         Punch             |       |     1 ||     1
  Throw: Boomerang         |     1 |     5 ||     6
         Throwing net      |       |     1 ||     1
    Use: Potion            |     3 |     1 ||     4
         Scroll            |     2 |     2 ||     4
   Stab: Sleeping          |     1 |       ||     1
 Armour: Ring mail         |     8 |       ||     8
         Animal skin       |     2 |       ||     2
         Leather armour    |    42 |    33 ||    75
         Scale mail        |       |    11 ||    11
  Dodge: Dodged            |    56 |    23 ||    79
   Form: Beast             |     2 |       ||     2
         Flux              |     1 |       ||     1
                           |     1 |       ||     1

Table legend: (Time is in decaauts)
 A = Elapsed time spent in this place.
 B = Non-inter-level travel time spent in this place.
 C = Inter-level travel time spent in this place.
 D = Time resting spent in this place.
 E = Time spent auto-exploring this place.
 F = Levels seen in this place.
 G = Mean time per level.
                   A        B        C        D        E       F      G
               +--------+--------+--------+--------+--------+-----+--------+
         Total |   2942 |   2841 |    101 |    487 |   1596 |   4 |  735.5 |
       Dungeon |   2942 |   2841 |    101 |    487 |   1596 |   4 |  735.5 |
               +--------+--------+--------+--------+--------+-----+--------+

Top non-repeatable levels by time:
     D:1: 830 daAuts
     D:2: 774 daAuts
     D:4: 718 daAuts
     D:3: 619 daAuts
